 Dungeon Crawl Stone Soup version 0.21.1-1-g345015f (webtiles) character file.

420 infcreate the Chopper (level 6, -4/53 HPs)
             Began as a Minotaur Fighter on May 28, 2018.
             Was a Follower of the Shining One.
             Slain by a slave (7 damage)
             ... led by Pikel
             ... on level 4 of the Dungeon.
             The game lasted 00:14:40 (2747 turns).

infcreate the Chopper (Minotaur Fighter)            Turns: 2747, Time: 00:14:41

Health: -4/53      AC: 13    Str: 22    XL:     6   Next: 62%
Magic:  5/5        EV:  5    Int:  5    God:    the Shining One [*.....]
Gold:   91         SH: 16    Dex: 10    Spells: 5/5 levels left

rFire    + . .     SeeInvis .   a - +0 war axe
rCold    . . .     Gourm    .   n - +1 large shield {AC+3}
rNeg     . . .     Faith    .   b - +0 scale mail
rPois    .         Spirit   .   (helmet restricted)
rElec    .         Reflect  .   t - +0 cloak
rCorr    +         Harm     .   o - +1 pair of gloves
MR       .....                  (no boots)
Stlth    ..........             (no amulet)
HPRegen  0.17/turn              p - ring of resist corrosion
MPRegen  0.09/turn              q - ring of protection from fire

@: glowing
A: retaliatory headbutt, horns 2
a: Renounce Religion


You were on level 4 of the Dungeon.
You worshipped the Shining One.
The Shining One was aware of your devotion.
You were not hungry.

You visited 1 branch of the dungeon, and saw 4 of its levels.

You collected 91 gold pieces.

Inventory:

Hand Weapons
 a - a +0 war axe (weapon)
Armour
 b - a +0 scale mail (worn)
 n - a +1 large shield of protection (worn)
 o - a +1 pair of gloves (worn)
 t - a +0 cloak (worn)
Jewellery
 k - an uncursed amulet of magic regeneration {unknown}
 p - a ring of resist corrosion (left hand)
 q - a ring of protection from fire (right hand)
Scrolls
 g - 2 scrolls of blinking {unknown}
 h - 3 scrolls of teleportation {unknown}
 i - 2 scrolls of random uselessness
 j - a scroll of amnesia {unknown}
 l - 2 scrolls of fear
 m - 4 scrolls of remove curse {unknown}
 r - a scroll of magic mapping {unknown}
 u - a scroll of enchant armour {unknown}
 v - a scroll of enchant weapon {unknown}
Potions
 c - 3 potions of curing
 d - a potion of might
 e - 2 potions of berserk rage {unknown}
 s - a potion of magic {unknown}
 w - a potion of degeneration {unknown}
 x - a potion of resistance {unknown}
Comestibles
 f - 4 rations


   Skills:
 + Level 4.7 Fighting
 + Level 6.2 Axes
 + Level 4.6 Armour
 + Level 5.5 Shields


You had 5 spell levels left.
You didn't know any spells.

Dungeon Overview and Level Annotations

Branches:
Dungeon (4/15)
 Temple: D:4-7

Altars:
Hepliaklqana
Okawaru
Wu Jian
Yredelemnul
Zin
The Shining One

Annotations:
D:4 Pikel


Innate Abilities, Weirdness & Mutations

You reflexively headbutt those who attack you in melee.
You have a pair of horns on your head.


Message History

Pikel is moderately wounded.
You hit the slave. You hit the slave but do no damage.
Your shield prevents you from hitting the slave. x2
You block the slave's attack.
The slave hits you but does no damage. x2
Pikel hits you with a whip of electrocution.
* * * LOW HITPOINT WARNING * * *
The slave hits you.
* * * LOW HITPOINT WARNING * * *
The slave hits you but does no damage.
Okay, then.
You slash Pikel!
Pikel is heavily wounded.
You hit the slave but do no damage. You hit the slave.
Your shield and scale mail prevent you from hitting the slave.
You hit the slave. You block the slave's attack.
The slave hits you but does no damage.
Pikel drinks a potion.
Pikel is healed!
The slave barely misses you. The slave hits you.
* * * LOW HITPOINT WARNING * * *
The slave hits you!
You die...

#.### #.# .# #.#
#.# .# #.# #.#
###### #.#
#.###..... #.#
#......# #)#
#..##..# #.# #..#
.# #.#
#.p##..##.. #.#
#.p@K...... #.#
#.....p.p..##.#
#.).#..###'###..#
#..... #.# ....
#...##O# #.#
.##.. ##### '.._
.. . ### .. .##


You could see Pikel and 4 slaves.

Vanquished Creatures
  The ghost of kalagan the Caller, an amateur DESu of the Shining One (D:3)
  3 jellies (D:2)
  An orc wizard (D:4)
  A worker ant (D:4)
  3 gnolls (D:4)
  4 adders
  9 oozes (D:2)
  2 worms (D:2)
  4 dart slugs
  5 leopard geckos
  4 orcs
  A ball python (D:2)
  6 giant cockroaches
  8 goblins
  10 hobgoblins
  8 jackals
  10 kobolds
  5 bats
  2 frilled lizards
  7 rats
94 creatures vanquished.

Vanquished Creatures (others)
  A fungus (D:2)
  8 toadstools (D:2)
9 creatures vanquished.

Grand Total: 103 creatures vanquished

Notes
Turn   | Place    | Note
-------+----------+-------------------------------------------
     0 | D:1      | infcreate the Minotaur Fighter began the quest for the Orb.
     0 | D:1      | Reached XP level 1. HP: 19/19 MP: 0/0
   148 | D:1      | Reached XP level 2. HP: 21/27 MP: 1/1
   609 | D:1      | Reached XP level 3. HP: 33/33 MP: 2/2
   616 | D:1      | Reached skill level 3 in Axes
   822 | D:2      | Found a glowing golden altar of the Shining One.
   824 | D:2      | Noticed an angel
   847 | D:2      | Found a basalt altar of Yredelemnul.
   849 | D:2      | Noticed a profane servitor
   909 | D:2      | Became a worshipper of the Shining One
  1119 | D:2      | Reached XP level 4. HP: 36/40 MP: 3/3
  1123 | D:2      | Reached skill level 4 in Axes
  1132 | D:2      | Reached XP level 5. HP: 40/46 MP: 4/4
  1149 | D:2      | Reached skill level 5 in Axes
  1441 | D:2      | Found a hazy altar of Hepliaklqana.
  1543 | D:2      | Found an iron altar of Okawaru.
  1788 | D:3      | Noticed kalagan's ghost (amateur DESu)
  1796 | D:3      | Killed kalagan's ghost
  1796 | D:3      | Reached skill level 5 in Shields
  1796 | D:3      | Reached XP level 6. HP: 52/53 MP: 5/5
  2493 | D:3      | Found a glowing silver altar of Zin.
  2648 | D:4      | Reached * piety under the Shining One
  2672 | D:4      | Reached skill level 6 in Axes
  2734 | D:4      | Noticed a slave
  2734 | D:4      | Noticed a slave
  2735 | D:4      | Noticed a slave
  2737 | D:4      | Found an ornate altar of the Wu Jian Council.
  2739 | D:4      | Noticed Pikel
  2739 | D:4      | Noticed a slave
  2747 | D:4      | Slain by a slave

Skill      XL: |  1  2  3  4  5  6 |
---------------+-------------------+-----
Armour         | 4 |  4.6
Fighting       | 4 |  4.7
Shields        | 4 5 |  5.5
Axes           | 3 4 5 6 |  6.2

Action                   |  1- 3 |  4- 6 || total
-------------------------+-------+-------++-------
Melee: War axe           |    92 |   124 ||   216
       Headbutt          |    16 |    19 ||    35
  Use: Scroll            |       |     2 ||     2
  Eat: Chunk             |     1 |     5 ||     6
Armor: Scale mail        |    46 |    60 ||   106
Dodge: Dodged            |    21 |    20 ||    41
Block: Shield            |    15 |       ||    15
       Large shield      |    67 |   119 ||   186
